Map: Apotheosis LE

Players

TEarDroP

  • Race: Terran Terran
  • League: Diamond

llllllllllll - Winner!

  • Race: Protoss Protoss
  • League: Diamond

VOD

Have the link to the VOD?

Description

Time

  • Played on: Aug. 7, 2016, 11:22 p.m.
  • Length: 14:57
Show
View Real Time Build Order
Export as new Build Order

TEarDroP Terran 

Build Orders: Reaper Expand, MMM Bio 

Get SALT Encoding   

  12  0:01  SCV  
  13  0:13  SCV  
  14  0:18  Supply Depot  
  14  0:25  SCV  
  15  0:39  SCV  
  15  0:40  Barracks  
  16  0:44  Refinery  
  16  0:52  SCV  
  17  1:04  SCV  
  18  1:16  SCV  
  19  1:28  Reaper  
  19  1:29  Orbital Command  
  20  1:44  Command Center  
  20  1:56  SCV  
  20  2:01  Barracks Reactor  
  21  2:03  Supply Depot  
  21  2:08  SCV  
  22  2:20  SCV  
  23  2:26  Factory  
  23  2:32  SCV  
  23  2:37  Marine x2, Barracks  
  26  2:46  SCV  
  26  2:49  Bunker  
  27  2:55  Marine x2  
  27  2:56  Orbital Command  
  29  2:59  SCV  
  30  3:11  SCV  
  31  3:13  Widow Mine  
  31  3:14  Marine  
  31  3:17  Starport  
  31  3:18  Marine  
  35  3:25  Engineering Bay, SCV  
  35  3:26  SCV  
  37  3:30  Marine  
  37  3:32  Marine  
  39  3:35  Marine  
  39  3:40  Supply Depot, SCV  
  41  3:42  SCV  
  42  3:50  Marine  
  42  3:51  Barracks Tech Lab  
  42  3:53  Marine  
  44  3:57  Missile Turret  
  44  4:02  SCV x2  
  46  4:03  Missile Turret  
  46  4:05  Refinery  
  46  4:08  Marine  
  47  4:25  Marine x2, Stimpack  
  47  4:26  SCV x2, Marine  
  49  4:35  Viking  
  51  4:39  SCV x2  
  51  4:42  Supply Depot  
  51  4:43  Refinery  
  53  4:50  Marine  
  54  4:57  Factory Reactor  
  54  4:58  Barracks  
  54  4:59  Terran Infantry Weapons Level 1  
  54  5:04  SCV x2, Marine  
  54  5:05  Supply Depot  
  54  5:07  Supply Depot  
  57  5:16  SCV x2, Marine x2  
  61  5:30  SCV x2, Barracks  
  61  5:32  Barracks  
  61  5:35  Supply Depot  
  63  5:39  Marine x2  
  63  5:40  Marauder  
  67  5:42  Factory Reactor  
  67  5:49  Medivac  
  66  5:50  Medivac  
  66  5:51  SCV x2  
  70  5:57  Marine x2  
  70  6:01  Marine  
  73  6:05  Barracks Tech Lab  
  73  6:10  Supply Depot, SCV x2  
  75  6:12  Refinery  
  75  6:18  Command Center  
  75  6:21  Medivac x2  
  75  6:23  Combat Shields  
  79  6:26  Marauder, Marine x2  
  79  6:27  Marauder  
  79  6:29  Barracks Tech Lab  
  79  6:32  SCV x2  
  87  6:36  Supply Depot  
  87  6:39  Marine x2  
  88  6:40  Supply Depot  
  88  6:42  Concussive Shells  
  88  6:47  SCV  
  88  6:48  SCV  
  90  6:58  Engineering Bay  
  90  7:00  Armory  
  90  7:03  Terran Infantry Armor Level 1  
  90  7:04  SCV x2  
  92  7:11  Supply Depot  
  92  7:18  SCV x2  
  92  7:19  Medivac  
  92  7:20  Supply Depot, Medivac  
  98  7:35  Marauder x2  
  98  7:36  Marauder, Marine x3  
  107  7:37  Marine  
  107  7:51  Viking  
  107  7:52  Viking  
  107  7:54  SCV x2, Marine  
  114  8:08  Marauder x2, Marine x3  
  114  8:09  Marauder  
  123  8:15  Starport  
  123  8:20  Marine  
  123  8:21  SCV x2  
  123  8:23  Terran Infantry Weapons Level 2, Supply Depot  
  123  8:24  Terran Ship Weapons Level 1  
  123  8:26  Supply Depot, Marine  
  127  8:36  Marauder x3, Marine x2  
  127  8:37  Marine, Factory Reactor  
  118  8:56  Marine x3  
  118  8:57  Marauder x2  
  118  8:58  Marauder  
  118  9:07  Marine  
  108  9:14  Marine  
  108  9:15  Supply Depot, Liberator  
  108  9:16  Supply Depot  
  109  9:19  Marine x5  
  109  9:20  SCV x2  
  109  9:22  Orbital Command  
  116  9:25  Marine  
  117  9:32  Viking x2  
  117  9:33  SCV x2  
  117  9:36  Terran Infantry Armor Level 2  
  126  9:41  Supply Depot  
  126  9:42  Supply Depot  
  126  9:49  SCV x2  
  126  9:50  SCV  
  129  9:54  Marine x6  
  129  9:55  Marine  
  132  10:15  SCV x3  
  132  10:16  Marine x5  
  132  10:17  Marine, Viking  
  132  10:18  Viking x2  
  147  10:26  Viking  
  149  10:32  Supply Depot x2  
  149  10:41  Terran Infantry Weapons Level 3  
  149  10:42  SCV x3  
  152  10:43  Refinery x2  
  152  10:50  Medivac x2  
  152  10:53  Command Center  
  156  11:10  Marauder x3, Marine x3  
  165  11:11  Medivac x2  
  133  11:36  Marauder  
  133  11:37  Marauder x2, Marine x3  
  122  11:40  Viking  
  122  11:41  Viking x2  
  122  11:43  Terran Ship Weapons Level 2  
  128  11:54  SCV x3  
  128  11:58  Marine x5  
  128  11:59  Marine  
  139  12:08  Marauder  
  139  12:09  Barracks  
  139  12:11  Barracks  
  139  12:12  Barracks  
  132  12:16  Marine x3  
  134  12:26  Marauder x2, Marine  
  134  12:29  Viking x3  
  131  12:30  Marauder  
  131  12:34  Marine  
  131  12:36  Orbital Command  
  132  12:40  Refinery x2  
  132  12:47  Marauder  
  138  12:51  Marauder x2, Marine x4  
  134  13:09  Marauder  
  134  13:10  Marine x3  
  141  13:12  Marauder  
  94  13:54  Missile Turret  
  94  13:55  Command Center, Missile Turret  
  85  13:56  Missile Turret  
  85  13:57  Missile Turret  
Show
View Real Time Build Order
Export as new Build Order

llllllllllll Protoss - Winner!

Build Orders: Oracle Opening 

Get SALT Encoding   

  12  0:00  Probe (Chrono Boost)  
  13  0:11  Probe (Chrono Boost)  
  14  0:22  Probe (Chrono Boost)  
  14  0:25  Pylon  
  15  0:43  Gateway, Probe (Chrono Boost)  
  15  0:47  Assimilator  
  16  0:54  Probe (Chrono Boost)  
  18  1:04  Probe (Chrono Boost)  
  18  1:15  Probe (Chrono Boost)  
  19  1:19  Pylon  
  19  1:21  Assimilator  
  19  1:25  Probe (Chrono Boost)  
  20  1:32  Cybernetics Core  
  20  1:36  Probe (Chrono Boost)  
  21  1:40  Pylon  
  21  1:46  Probe (Chrono Boost)  
  22  1:57  Probe (Chrono Boost)  
  23  2:09  Nexus  
  23  2:11  Mothership Core (Chrono Boost)  
  25  2:19  Stalker  
  27  2:40  Stargate  
  27  2:46  Stalker  
  29  2:55  Probe (Chrono Boost)  
  30  3:07  Probe (Chrono Boost)  
  31  3:16  Stalker  
  31  3:20  Pylon  
  31  3:22  Probe (Chrono Boost)  
  34  3:28  Oracle  
  34  3:32  Probe (Chrono Boost)  
  38  3:36  Probe (Chrono Boost)  
  39  3:42  Probe (Chrono Boost)  
  39  3:44  Pylon  
  39  3:45  Forge  
  39  3:48  Probe (Chrono Boost)  
  41  3:53  Probe (Chrono Boost)  
  42  4:00  Probe (Chrono Boost)  
  39  4:41  Void Ray  
  39  4:45  Stargate  
  43  4:47  Assimilator  
  43  4:48  Probe (Chrono Boost)  
  43  4:50  Probe (Chrono Boost), Assimilator  
  45  4:57  Pylon  
  45  4:59  Probe (Chrono Boost)  
  46  5:02  Probe (Chrono Boost)  
  46  5:05  Pylon  
  47  5:07  Pylon  
  47  5:09  Probe (Chrono Boost)  
  49  5:14  Probe (Chrono Boost)  
  49  5:20  Probe (Chrono Boost)  
  50  5:23  Void Ray  
  54  5:28  Void Ray  
  54  5:31  Probe (Chrono Boost)  
  54  5:35  Pylon  
  59  5:37  Pylon  
  59  5:41  Probe (Chrono Boost)  
  60  5:52  Probe (Chrono Boost)  
  61  6:03  Void Ray  
  61  6:10  Robotics Facility  
  61  6:11  Pylon, Void Ray  
  65  6:13  Probe (Chrono Boost)  
  65  6:14  Probe (Chrono Boost)  
  72  6:26  Probe (Chrono Boost)  
  72  6:29  Pylon  
  72  6:35  Pylon  
  72  6:58  Photon Cannon, Void Ray  
  72  7:00  Photon Cannon  
  72  7:01  Pylon, Photon Cannon  
  72  7:04  Void Ray  
  72  7:06  Robotics Bay  
  80  7:14  Robotics Facility  
  77  8:01  Void Ray  
  75  8:07  Void Ray  
  75  8:08  Colossus  
  75  8:09  Colossus  
  95  8:25  Extended Thermal Lance  
  95  9:02  Colossus  
  95  9:09  Mothership Core (Chrono Boost)  
  97  9:12  Void Ray  
  107  9:27  Pylon  
  107  9:29  Pylon  
  107  9:32  Void Ray  
  107  9:34  Pylon, Nexus  
  107  9:36  Pylon  
  107  9:37  Warp Gate  
  111  9:39  Gateway x2, Nexus  
  111  9:40  Pylon  
  111  9:41  Gateway x2  
  111  9:43  Gateway  
  111  9:55  Colossus  
  111  9:58  Colossus  
  117  10:00  Photon Cannon  
  117  10:19  Void Ray  
  117  10:24  Void Ray  
  124  10:31  Stalker x4  
  124  10:34  Stalker  
  134  10:48  Stalker  
  136  10:51  Probe (Chrono Boost)  
  137  11:01  Probe (Chrono Boost), Stalker x3  
  144  11:04  Stalker  
  118  11:51  Probe (Chrono Boost)  
  119  11:55  Pylon, Probe (Chrono Boost)  
  119  11:56  Pylon, Probe (Chrono Boost)  
  119  11:59  Assimilator, Stalker x4  
  130  12:01  Probe (Chrono Boost)  
  130  12:03  Assimilator  
  130  12:05  Probe (Chrono Boost)  
  132  12:08  Probe (Chrono Boost)  
  132  12:12  Probe (Chrono Boost)  
  131  12:29  Stalker x2  
  135  12:42  Probe (Chrono Boost)  
  135  12:43  Probe (Chrono Boost)  
  137  12:54  Probe (Chrono Boost)  
  137  12:55  Nexus  
  137  12:56  Stalker  
  137  12:57  Pylon, Adept  
  142  13:04  Adept  
  142  13:05  Probe (Chrono Boost), Adept  
  123  14:14  Gateway  
  121  14:38  Forge  
  121  14:43  Gateway  
  121  14:45  Gateway  
  121  14:47  Gateway  
  121  14:48  Pylon  
Tags
 
Add a new tag
Caveats
  • Supply blocks, unpowered buildings, or Contaminate may cause inaccurate times.
  • Supply counts are checked every 10 seconds.